 Dungeon Crawl Stone Soup version 0.14.0-15-g6b16f67 (webtiles) character file.

162 Kejsarherre the Magician (level 3, 0/24 HPs)
             Began as a Mummy Ice Elementalist on Apr 18, 2014.
             Killed from afar by ghwc's ghost (13 damage)
             ... with a flame tongue
             ... on Level 3 of the Dungeon.
             The game lasted 00:04:39 (2021 turns).

Kejsarherre the Magician (Mummy Ice Elementalist)   Turns: 2021, Time: 00:04:39

HP   0/24        AC  6     Str 11      XL: 3   Next: 89%
MP   1/8         EV 11     Int 15      God:
Gold 99          SH  6     Dex 12      Spells:  2 memorised,  5 levels left

rFire  x . .     SeeInvis .     g - +0 short sword
rCold  + . .     Clarity  .     a - +0 robe
rNeg   + + +     Conserve .     f - +0 buckler
rPois  +         rCorr    .     (no helmet)
rElec  .         rRot     +     (no cloak)
SustAb . .       Spirit   .     (no gloves)
rMut   .         Warding  .     (no boots)
Saprov . . .     Stasis   .     (no amulet)
MR     .....                    (no ring)
                                h - +4 ring of protection

@: very slightly contaminated, not resistant to hostile enchantments, unstealthy
A: no food or potions, fire vulnerability, restore body, cold resistance 1, life
protection 3, poison resistance, torment resistance, unbreathing
a: no special abilities


You were on level 3 of the Dungeon.
You were not hungry.

You visited 1 branch of the dungeon, and saw 3 of its levels.

You collected 99 gold pieces.

Inventory:

Hand weapons
 c - a +0,+0 dagger
 g - a +0,+0 short sword (weapon)
Missiles
 j - 4 javelins (quivered)
Armour
 a - a +0 robe (worn)
 f - a +0 buckler (worn)
Scrolls
 d - a scroll of enchant weapon II {unknown}
 e - 2 scrolls of identify {unknown}
 k - a scroll of blinking {unknown}
Jewellery
 h - a +4 ring of protection (left hand)
 i - an uncursed amulet of guardian spirit {unknown}
Books
 b - a book of Frost

   Spells                             Type                      Level
   *Freeze                            Ice                          1
   *Throw Frost                       Conjuration/Ice              2
   Ozocubu's Armour                   Charms/Ice                   3
   Throw Icicle                       Conjuration/Ice              4
   Summon Ice Beast                   Ice/Summoning                4
   Condensation Shield                Ice                          4


   Skills:
 - Level 1.5 Dodging
 - Level 1.5 Stealth
 + Level 3.4 Spellcasting
 - Level 0.7 Conjurations
 + Level 3.0 Ice Magic


You had 5 spell levels left.
You knew the following spells:

 Your Spells              Type           Power        Failure   Level  Hunger
a - Freeze                Ice            ##..         10%         1    N/A
b - Throw Frost           Conj/Ice       #.....       17%         2    N/A

Dungeon Overview and Level Annotations

Branches:
Dungeon (3/15)

Altars:
Cheibriados
Dithmenos

Annotations:
D:3 ghwc's ghost, weakling HuFE


Innate Abilities, Weirdness & Mutations

You do not eat or drink.
Your flesh is vulnerable to fire.
Your flesh is cold resistant.
You are immune to negative energy.
Your system is resistant to poisons.
You are immune to unholy pain and torment.
You can survive without breathing.


Message History

Confirm with . or Enter, or press ? or * to list all spells.
Aiming: Freeze
Press: ? - help, Shift-Dir - straight line, f/p - ghwc's ghost
Aim: ghwc's ghost (moderately damaged)
You freeze ghwc's ghost.
Ghwc's ghost is heavily damaged.
Ghwc's ghost gestures at you while chanting.
The flame tongue hits you! The fire burns you terribly!
Casting: Freeze
Confirm with . or Enter, or press ? or * to list all spells.
Aiming: Freeze
Press: ? - help, Shift-Dir - straight line, f/p - ghwc's ghost
Aim: ghwc's ghost (heavily damaged)
You freeze ghwc's ghost.
Ghwc's ghost is severely damaged.
Ghwc's ghost hits you but does no damage.
Ghwc's ghost points at you and mumbles some strange words.
The flame tongue hits you! The fire burns you terribly!
Ouch! That really hurt!
You die...

. ###.# ......
##############.... .
#$.............. ..
#.....p....##.####.#.#
#..####.@#............
#..# ##...##.........#
#..# ##.####.###.#..
#..# #.# #<# #..# #.#
#.# #..# #.# #.# ....
..# #.# ..). .## #.#
#.# . #..


You could see ghwc's ghost.

Vanquished Creatures
  An adder (D:2)
  A worm (D:2)
  A giant gecko (D:2)
  A ball python (D:2)
  9 bats
  8 goblins
  5 hobgoblins
  3 jackals (D:1)
  3 quokkas (D:2)
  3 giant cockroaches
  5 giant newts
  A kobold (D:2)
  5 rats
46 creatures vanquished.

Notes
Turn   | Place    | Note
--------------------------------------------------------------
     0 | D:1      | Kejsarherre, the Mummy Ice Elementalist, began the quest for the Orb.
     0 | D:1      | Reached XP level 1. HP: 13/13 MP: 3/3
   241 | D:1      | Reached XP level 2. HP: 2/19 MP: 0/5
   682 | D:1      | Reached skill level 3 in Spellcasting
  1148 | D:2      | Reached XP level 3. HP: 15/24 MP: 5/8
  1152 | D:2      | Learned a level 2 spell: Throw Frost
  1536 | D:2      | HP: 1/24 [worm (7)]
  1925 | D:2      | Found a shadowy altar of Dithmenos.
  1926 | D:2      | Found a snail-covered altar of Cheibriados.
  2006 | D:3      | Noticed ghwc's ghost (weakling HuFE)
  2021 | D:3      | Killed from afar by ghwc's ghost

Action                   || total
-------------------------++-------
Melee: Dagger            ||    84
       Short sword       ||    43
Throw: Javelin           ||     5
 Cast: Freeze            ||    61
       Throw Frost       ||     8
